 Dungeon Crawl Stone Soup version 0.26.1-10-gdfb7c7de75 (webtiles) character file.

Game seed: 1993064652462012813

44 TheGreatAnchovy the Sneak (level 3, -3/24 HPs)
             Began as an Octopode Brigand on Apr 6, 2021.
             Slain by Sigmund
             ... wielding a +4 scythe of protection
              (6 damage)
             ... on level 2 of the Dungeon.
             The game lasted 00:02:43 (2192 turns).

TheGreatAnchovy the Sneak (Octopode Brigand)        Turns: 2192, Time: 00:02:43

Health: -3/24      AC:  5    Str: 10    XL:     3   Next: 62%
Magic:  3/3        EV: 13    Int: 13    God:
Gold:   37         SH:  0    Dex: 14    Spells: 2/2 levels left

rFire    . . .     SeeInvis .   a - +2 dagger
rCold    . . .     Faith    .   (no shield)
rNeg     . . .     Spirit   .   (helmet restricted)
rPois    .         Reflect  .   (no amulet)
rElec    .         Harm     .   l - +4 ring of protection
rCorr    .         Rampage  .   (no ring)
Will     .....                  (no ring)
Stlth    ++........             (no ring)
HPRegen  0.08/turn              (no ring)
MPRegen  0.08/turn              (no ring)
                                (no ring)
                                (no ring)

@: confused
A: almost no armour, stealthy swim, amphibious, 8 rings, constrict 8, camouflage
1, gelatinous body 1
a: no special abilities


You were on level 2 of the Dungeon.
You visited 1 branch of the dungeon, and saw 2 of its levels.

You collected 37 gold pieces.

Inventory:

Hand Weapons
 a - a +2 dagger (weapon)
Missiles
 b - 8 poisoned darts (quivered)
 c - 2 curare-tipped darts
Jewellery
 l - a +4 ring of protection (left tentacle)
Scrolls
 d - a scroll of fog {unknown}
 g - a scroll of remove curse {unknown}
 h - 2 scrolls of teleportation {unknown}
 i - 3 scrolls of magic mapping {unknown}
 k - a scroll of immolation {unknown}
Potions
 e - a potion of flight {unknown}
 f - 2 potions of curing {unknown}
 j - 2 potions of brilliance {unknown}
 m - a potion of mutation {unknown}


   Skills:
 + Level 2.1 Fighting
 * Level 2.9 Short Blades
 - Level 2.1 Throwing
 + Level 1.2 Dodging
 + Level 6.1 Stealth


You had 2 spell levels left.
You didn't know any spells.
Your spell library was empty.

Dungeon Overview and Level Annotations

Branches:
Dungeon (2/15)

Altars:
Trog
The Shining One

Annotations:
D:2 Sigmund


Innate Abilities, Weirdness & Mutations

You cannot wear most types of armour.
You are very stealthy in the water. (Stealth+)
You are amphibious.
You can wear up to eight rings at the same time.
You can use your tentacles to constrict eight enemies at once.
Your skin changes colour to match your surroundings (Stealth+).
Your rubbery body absorbs attacks. (AC +1, EV +1)


Message History

You climb downwards.
Level annotation: Sigmund
There is a stone staircase leading up here.
Sigmund gestures at himself while chanting.
Sigmund flickers and vanishes!
Deactivating autopickup; reactivate with Ctrl-A.
Something hits you. Something completely misses you.
You hit something but do no damage. You hit something. You squeeze something.
Something hits you!
Ouch! That really hurt!
* * * LOW HITPOINT WARNING * * *
You barely miss something. Something hits you.
* * * LOW HITPOINT WARNING * * *
You hit something but do no damage. You barely miss something.
You squeeze something.
You hear some strange, mumbled words.
You are confused.
You bump into the rock wall.
Something hits you.
You die...

#.## ##.......# ##.##
##.######## ##g###.##
#..#.## ########.#.##
#........### #†#####..#
########### #.#####..#####
#.).......#
..###.##........@#
#.#######.#
#..(.)....#...##{# #.# #.#
..###.##...###.#.###.#####
#.# .# #.##...#
#.).........# #.# .#
#.##...###.#<###.###.# #.#
.# #.........##.# #.# #.
#.# .# ####.###.###.#
#.###.###.# .#####
#.###.###.# #.........#
.....# #.........#
######.####


There were no monsters in sight!

Vanquished Creatures
  A worm (D:2)
  A dart slug (D:1)
  A leopard gecko (D:1)
  A bat (D:1)
  2 giant cockroaches
  A goblin (D:1)
  7 hobgoblins
  11 jackals
  A ball python (D:1)
  A frilled lizard (D:1)
  2 kobolds
  3 rats
32 creatures vanquished.

Notes
Turn   | Place    | Note
-------+----------+-------------------------------------------
     0 | D:1      | TheGreatAnchovy the Octopode Brigand began the quest for
                  | the Orb.
     0 | D:1      | Reached XP level 1. HP: 14/14 MP: 1/1
    39 | D:1      | Reached XP level 2. HP: 3/19 MP: 2/2
   550 | D:1      | You fall into a shaft and drop 1 floor!
  1353 | D:1      | Reached XP level 3. HP: 24/24 MP: 3/3
  1415 | D:2      | Reached skill level 6 in Stealth
  1625 | D:2      | Found a bloodstained altar of Trog.
  1691 | D:2      | Found a glowing golden altar of the Shining One.
  1808 | D:2      | Noticed Sigmund
  2192 | D:2      | Slain by Sigmund

Illustrated notes

Levels and vault maps discovered:
D:1:      heliophobic_arrival_ceremonial_halls, layout_basic,
          minmay_misc_feat_square
D:2:      layout_loops_corners, bloody_trog,
          chequers_ecumenical_altar_simple_redux,
          nicolae_tso_swordbearing_angel, uniq_sigmund

Skill      XL: |  1  2  3 |
---------------+----------+-----
Stealth        | 6 |  6.1
Fighting       | |  2.1
Short Blades   | |  2.9
Throwing       | |  2.1
Dodging        | |  1.2

Action                   || total
-------------------------++-------
Melee: Dagger            ||    82
       Constrict         ||    19
       Tentacles         ||    14
 Stab: Sleeping          ||     6
Armor: Skin              ||    20
Dodge: Dodged            ||    69
